 Dungeon Crawl Stone Soup version 0.31.0-11-ge490571c62 (webtiles) character file.

Game seed: 5383004582478919490

25 qw the Shooter (level 2, -2/14 HPs)
             Began as a Spriggan Hunter on Feb 4, 2024.
             Slain by a hobgoblin (4 damage)
             ... on level 2 of the Dungeon.
             The game lasted 00:00:03 (808 turns).

qw the Shooter (Spriggan Hunter)                     Turns: 808, Time: 00:00:04

Health: -2/14      AC:  2    Str:  7    XL:     2   Next: 86%
Magic:  3/3        EV: 19    Int: 10    God:
Gold:   37         SH:  0    Dex: 18    Spells: 1/1 levels left

rFire   . . .        a - +0 shortbow
rCold   . . .        (shield currently unavailable)
rNeg    + . .        c - +0 robe
rPois   .            (helmet restricted)
rElec   .            (no cloak)
rCorr   .            (gloves unavailable)
SInv    +            (boots unavailable)
Will    .....        (no amulet)
Stlth   ++           f - ring of positive energy
HPRegen 0.22/turn    (no ring)
MPRegen 0.08/turn

%: no passive effects
@: very quick
A: very small, no large weapons, unfitting armour, see invisible, speed 3
a: no special abilities


You were on level 2 of the Dungeon.
You visited 1 branch of the dungeon, and saw 2 of its levels.

You collected 37 gold pieces.


Innate Abilities, Weirdness & Mutations

You are very small and have problems with some larger weapons.
You are too small for most types of armour.
You have supernaturally acute eyesight. (SInv)
You cover ground extremely quickly. (Speed+++)


   Skills:
 - Level 1.5 Fighting
 + Level 4.3 Ranged Weapons
 - Level 4.0 Dodging
 - Level 1.5 Stealth


You had one spell level left.
You didn't know any spells.
Your spell library was empty.

Inventory:

Hand Weapons
 a - a +0 shortbow (weapon)
Armour
 c - a +0 robe (worn)
Jewellery
 f - a ring of positive energy (left hand)

Dungeon Overview and Level Annotations

Branches:
Dungeon (2/15)

Altars:


Message History

You shoot an arrow. The arrow barely misses the kobold.
The arrow barely misses the hobgoblin.
The ball python completely misses you. x2; The kobold misses you.
The hobgoblin misses you. The kobold hits you with a +0 club.
You shoot an arrow. The arrow hits the kobold.
The kobold is severely wounded.
The ball python misses you. The ball python grabs you.
The ball python constricts you. The kobold hits you with a +0 club.
The hobgoblin hits you. The kobold misses you.
The ball python completely misses you. The ball python constricts you.
You shoot an arrow.
The arrow closely misses the ball python.
The arrow hits the ribbon worm.
The ribbon worm is moderately wounded.
The kobold barely misses you. The hobgoblin closely misses you.
The kobold hits you with a +0 club. The ball python misses you.
The ball python constricts you.
You shoot an arrow. The arrow hits the ball python.
The ball python is moderately wounded.
The kobold hits you but does no damage. The hobgoblin misses you.
The ball python barely misses you. The ball python constricts you.
The kobold barely misses you. The kobold misses you.
The hobgoblin closely misses you. The ball python closely misses you.
The ball python constricts you.
You shoot an arrow. The arrow hits the ball python.
You kill the ball python!
The kobold misses you. The kobold closely misses you.
The hobgoblin barely misses you. The kobold closely misses you.
You shoot an arrow. The arrow hits the kobold.
You kill the kobold!
The ribbon worm bites you. The hobgoblin hits you.
The kobold hits you with a +0 club. The hobgoblin hits you.
You shoot an arrow.
The arrow hits the hobgoblin but does no damage.
The ribbon worm closely misses you. The hobgoblin closely misses you.
The kobold misses you. The hobgoblin barely misses you.
You shoot an arrow. The arrow hits the hobgoblin!
You kill the hobgoblin!
The hobgoblin hits you.
You die...

.......
..........
..........#
.$.......[
..........
#........#
#.......g##
........w@#
......).K)#
..........#
........<.#
..........#
#........##
##......##
########


You could see a ribbon worm, a hobgoblin and a kobold.

Vanquished Creatures
  4 ball pythons
  2 bats (D:1)
  2 endoplasms (D:1)
  A giant cockroach (D:1)
  2 goblins (D:1)
  3 hobgoblins
  2 jackals (D:1)
  A frilled lizard (D:1)
  6 kobolds
  A rat (D:1)
24 creatures vanquished.

Notes
Turn   | Place    | Note
-------+----------+-------------------------------------------
     0 | D:1      | qw the Spriggan Hunter began the quest for the Orb.
     0 | D:1      | Reached XP level 1. HP: 10/10 MP: 2/2
     0 | D:1      | 0 ||| qw: Version: 0.3-a-160-g6735b56
     0 | D:1      | 0 ||| qw: Game counter: 5222
     0 | D:1      | 0 ||| qw: Melee chars always use a shield: true
     0 | D:1      | 0 ||| qw: God list: Okawaru
     0 | D:1      | 0 ||| qw: Allow faded altars: false
     0 | D:1      | 0 ||| qw: Do Orc after clearing Dungeon:15 true
     0 | D:1      | 0 ||| qw: Do second Lair branch before Depths: true
     0 | D:1      | 0 ||| qw: Lair rune preference: random
     0 | D:1      | 0 ||| qw: Goals: Normal
     0 | D:1      | 0 ||| PLANNING D:1-11
    51 | D:1      | Reached skill level 3 in Dodging
   166 | D:1      | Reached XP level 2. HP: 14/14 MP: 3/3
   760 | D:1      | 760 ||| UPGRADING to ring of positive energy.
   761 | D:1      | 761 ||| READING scroll labelled KIEGRI HOWEGH.
   761 | D:1      | 761 ||| IDENTIFYING fizzy inky potion
   762 | D:1      | 762 ||| READING scroll labelled JUFROPRUSIG.
   763 | D:1      | 763 ||| READING scroll labelled ALYBRENLUS.
   764 | D:1      | 764 ||| READING scroll labelled GITUBU CUPTIB.
   769 | D:1      | 769 ||| READING scroll labelled QUYREI USANT.
   769 | D:1      | 769 ||| ENCHANTING +0 shortbow.
   770 | D:1      | 770 ||| DROPPING scroll of butterflies.
   786 | D:2      | 786 ||| STAIRDANCE
   792 | D:2      | 792 ||| RETREEEEATING.
   793 | D:2      | 793 ||| RETREEEEATING.
   794 | D:2      | 794 ||| RETREEEEATING.
   799 | D:2      | HP: 3/14 [ball python (1)]
   800 | D:2      | 800 ||| DRINKING potion of heal wounds.
   806 | D:2      | HP: 2/14 [hobgoblin (3)]
   808 | D:2      | Slain by a hobgoblin

Levels and vault maps discovered:
D:1:      lightli_arrival_statue_moat, layout_basic, minmay_pentomino_z2
D:2:      layout_rooms, shapermc_ecumenical_altar_petra,
          nicolae_elevator_lobby_asterisk, uniq_crazy_yiuf_cottage

Skill      XL: |  1  2 |
---------------+-------+-----
Dodging        | 3 4 |  4.0
Fighting       | |  1.5
Ranged Weapons | |  4.3
Stealth        | |  1.5

Action                     || total
---------------------------++-------
   Fire: Shortbow          ||    78
    Use: Scroll            ||     5
         Potion            ||     1
 Armour: Robe              ||    26
  Dodge: Dodged            ||    90

Table legend:
 A = Non-vault XP
 B = Vault XP
 C = Vault XP percentage of total XP
 D = Non-vault monster count
 E = Vault monster count
 F = Vault count percentage of total count
                 A         B        C        D         E       F
            +---------+---------+-------+---------+---------+-------
      Total |      38 |       1 |   2.6 |      23 |       1 |   4.2
            +---------+---------+-------+---------+---------+-------
        D:1 |      33 |       1 |   2.9 |      19 |       1 |   5.0
        D:2 |       5 |       0 |   0.0 |       4 |       0 |   0.0
            +---------+---------+-------+---------+---------+-------
